 Dungeon Crawl Stone Soup version 0.30-a0-737-gf23d94013f (webtiles) character file.

Game seed: 14158071756730386866

7580 Jackthecabe the Nimble (level 11, -8/60 HPs)
             Began as a Vine Stalker Brigand on Feb 2, 2023.
             Was a Follower of Uskayaw.
             Mangled by Snorg (11 damage)
             ... on level 10 of the Dungeon.
             The game lasted 00:38:11 (10306 turns).

Jackthecabe the Nimble (Vine Stalker Brigand)      Turns: 10306, Time: 00:38:11

Health: -8/60      AC:  5    Str: 14    XL:     11   Next: 17%
Magic:  0/12       EV: 17    Int: 11    God:    Uskayaw [*.....]
Gold:   644        SH:  0    Dex: 20    Spells: 10/10 levels left

rFire   . . .      SeeInvis .    b - +1 dagger (drain)
rCold   . . .      Faith    .    (no shield)
rNeg    . . .      Spirit   +    j - +0 leather armour
rPois   .          Reflect  .    n - +0 helmet
rElec   .          Harm     .    F - scarf {shadows}
rCorr   .          Rampage  .    h - +0 pair of gloves
Will    +....                    (no boots)
Stlth   ++++                     (no amulet)
HPRegen 1.10/turn                (no ring)
MPRegen 0.13/turn                (no ring)

@: hasted, very quick
A: fangs 3, regeneration 1, magic shield, antimagic bite, no potion heal 2
a: Renounce Religion, Stomp


You were on level 10 of the Dungeon.
You worshipped Uskayaw.
Uskayaw was noncommittal.
You visited 2 branches of the dungeon, and saw 11 of its levels.
You also visited: Bailey.

You collected 644 gold pieces.


Innate Abilities, Weirdness & Mutations

You have razor-sharp teeth.
Your natural rate of healing is unusually fast.
When hurt, damage is shared between your health and your magic reserves.
Your bite disrupts and absorbs the magic of your enemies.
Potions cannot restore your health.


   Skills:
 - Level 8.0 Fighting
 - Level 8.0 Short Blades
 - Level 1.7 Throwing
 + Level 2.1 Armour
 - Level 9.0 Dodging
 - Level 8.0 Stealth


You had 10 spell levels left.
You didn't know any spells.
Your spell library contained the following spells:

 Spells                   Type           Power      Damage    Failure   Level
 Magic Dart               Conj           0%         1d3       41%         1
 Sting                    Tmut/Pois      0%         1d3       41%         1
 Call Imp                 Summ           0%         N/A       54%         2
 Poisonous Vapours        Pois/Air       0%         N/A       54%         2
 Sublimation of Blood     Necr           0%         N/A       54%         2
 Wereblood                Tmut           0%         N/A       54%         2
 Mephitic Cloud           Conj/Pois/Air  0%         N/A       78%         3
 Portal Projectile        Hex/Tloc       0%         N/A       78%         3
 Tukima's Dance           Hex            0%         N/A       78%         3
 Animate Dead             Necr           0%         N/A       99%         4
 Olgreb's Toxic Radiance  Pois           0%         N/A       99%         4
 Blade Hands              Tmut           0%         N/A       100%        5
 Borgnjor's Vile Clutch   Necr/Erth      0%         N/A       100%        5
 Death Channel            Necr           0%         N/A       100%        6
 Summon Hydra             Summ           0%         N/A       100%        7

Inventory:

Hand Weapons
 a - a +3 dagger
 b - a +1 dagger of draining (weapon)
Missiles
 d - 31 poisoned darts (quivered)
Armour
 c - a +0 cloak
 h - a +0 pair of gloves (worn)
 j - a +0 leather armour (worn)
 n - a +0 helmet (worn)
 x - a +0 robe
 D - a +1 hat
 F - a scarf of shadows (worn)
Magical Staves
 t - a staff of cold {!a}
 y - a staff of conjuration {!a}
Jewellery
 M - a ring of magical power
Scrolls
 e - a scroll of torment
 i - 3 scrolls of poison
 k - 3 scrolls of teleportation {@r2}
 l - 2 scrolls of fog
 m - 2 scrolls of noise
 q - a scroll of vulnerability
 v - 2 scrolls of magic mapping
 C - a scroll of fear
 E - a scroll of enchant weapon {unknown}
 G - a scroll of enchant armour {unknown}
Potions
 f - a potion of haste {@q3}
 g - 2 potions of heal wounds {@q2}
 o - 2 potions of degeneration {unknown}
 p - 6 potions of curing {@q1}
 s - 2 potions of attraction
 u - a potion of cancellation {unknown}
 w - 2 potions of lignification
 z - 2 potions of magic
 A - a potion of invisibility {unknown}
 B - a potion of might {unknown}

Dungeon Overview and Level Annotations

Branches:
Dungeon (10/15)            Temple (1/1) D:6            Lair (0/5) D:9
 Bailey (visited)
    Orc: D:9-12

Altars:
Ashenzari
Cheibriados
Dithmenos
Elyvilon
Fedhas
Gozag
Hepliaklqana
Kikubaaqudgha
Makhleb
Okawaru
Qazlal
Ru
Sif Muna
Trog
Uskayaw
Vehumet
Wu Jian
Xom
Yredelemnul
Zin
The Shining One

Shops:
D:6 :*   D:7 :

Annotations:
D:2 Sigmund
D:7 2 transporters, Nabski's ghost, novice TeFE
D:10 Snorg

..T...# #.....#
.. .....# ...
...$#
#.########..#
#...........##
#............#
#..........#....
##..@T.....####..
#.###..#### # #
##..# ####


You could see Snorg (berserk, drained).


Message History

* * * LOW HITPOINT WARNING * * *
Snorg claws you!
* * * LOW HITPOINT WARNING * * *
You hit Snorg. You drain Snorg. Your bite misses Snorg.
Snorg is lightly wounded.
You hit Snorg but do no damage. You drain Snorg.
Snorg is lightly wounded.
Snorg closely misses you. x2; Snorg barely misses you.
You barely miss Snorg. You bite Snorg. You drain her power.
You feel invigorated.
Snorg is lightly wounded.
Snorg bites you!
* * * LOW HITPOINT WARNING * * *
Snorg claws you!
* * * LOW HITPOINT WARNING * * *
Snorg claws you!
* * * LOW HITPOINT WARNING * * *
Use which ability? (? or * to list)
You can't do that.
Use which ability? (? or * to list)
Okay, then.
You remove your ring of magical power.
You feel your magic capacity decrease.
Unknown command.
You can't see any enemies this would affect, really read the scroll of fear?
Okay, then.
Unknown command.
You closely miss Snorg.
Snorg is lightly wounded.
Snorg bites you!
You die...

Skill      XL: |  1  2  3  4  5  6  7  8  9 10 11 |
---------------+----------------------------------+-----
Short Blades   | 2 3 4 5 6 7 8 |  8.0
Stealth        | 5 7 8 |  8.0
Fighting       | 5 8 |  8.0
Dodging        | 5 8 9 |  9.0
Armour         | 2 |  2.1
Throwing       | |  1.7

Action                     |  1- 3 |  4- 6 |  7- 9 | 10-12 || total
---------------------------+-------+-------+-------+-------++-------
  Melee: Dagger            |    94 |   106 |   484 |   199 ||   883
         Bite              |    21 |    27 |   165 |    70 ||   283
         Punch             |     1 |     1 |    10 |     4 ||    16
  Throw: Dart              |     1 |     9 |    17 |    39 ||    66
    Use: Scroll            |       |     6 |     6 |     6 ||    18
         Potion            |       |       |     1 |     1 ||     2
   Stab: Sleeping          |     7 |    13 |    12 |     8 ||    40
         Distracted        |       |       |     2 |       ||     2
         Paralysed         |       |       |       |     3 ||     3
 Armour: Robe              |    18 |       |       |       ||    18
         Leather armour    |    14 |    17 |   122 |    27 ||   180
  Dodge: Dodged            |    54 |    39 |   298 |   117 ||   508

Levels and vault maps discovered:
D:1:      evilmike_arrival_fibonacci_small, layout_loops_ring, minmay_hedge_maze
D:2:      minmay_general_purpose_star, layout_basic, uniq_robin, uniq_sigmund,
          uniq_natasha, uniq_terence
D:3:      layout_loops_corners, kennysheep_okawaru_gauntlet,
          lightli_temple_of_fire, kennysheep_cross_room, uniq_pargi
D:4:      layout_basic, mainiacjoe_overflow_brackets, grunt_ministairs_7
D:5:      layout_basic
D:6:      layout_loops_ring, kennysheep_mini_moat, fiery_altar_vehumet,
          temple_hall, serial_demonic, serial_demonic_d, serial_demonic_c,
          serial_demonic_e, serial_demonic_a, serial_demonic_g,
          serial_demonic_g, serial_demonic_d, serial_demonic_d,
          nicolae_shop_i_like_big_books, minmay_shop_mass
D:7:      layout_gridville, amcnicky_altar_gilded, serial_glass,
          glass_columns_b, glass_columns_b, gammafunk_ghost_hive,
          nicolae_shop_self_help, uniq_joseph
D:8:      layout_loops_ring, nicolae_uskayaw_suspiria, enter_bailey_5
D:9:      layout_stronghold, dpeg_lair_monsters
D:10:     layout_rooms, mainiacjoe_overflow_24_doors, kennysheep_donut,
          wad_rectangle_vault, uniq_josephine, uniq_snorg
Temple:   dpeg_chambers_temple

Notes
Turn   | Place    | Note
-------+----------+-------------------------------------------
     0 | D:1      | Jackthecabe the Vine Stalker Brigand began the quest for
                  | the Orb.
     0 | D:1      | Reached XP level 1. HP: 11/11 MP: 2/2
    49 | D:1      | Reached skill level 2 in Short Blades
   142 | D:1      | Reached XP level 2. HP: 14/15 MP: 1/3
   523 | D:1      | Reached skill level 3 in Short Blades
   571 | D:1      | Reached XP level 3. HP: 18/18 MP: 4/4
   993 | D:2      | Noticed Robin
  1091 | D:1      | HP: 1/18 [Robin/+0 spear (2)]
  1094 | D:1      | Killed Robin
  1181 | D:2      | Gained mutation: Your natural rate of healing is unusually
                  | fast. [Vine Stalker growth]
  1181 | D:2      | Reached XP level 4. HP: 22/23 MP: 3/5
  1243 | D:2      | Noticed Terence
  1258 | D:2      | Killed Terence
  1259 | D:2      | Reached skill level 4 in Short Blades
  1431 | D:2      | Noticed Sigmund
  1675 | D:2      | Noticed Natasha
  1679 | D:2      | Killed Natasha
  1680 | D:2      | Reached XP level 5. HP: 26/26 MP: 6/6
  1750 | D:2      | Noticed Natasha
  1772 | D:2      | Killed Natasha
  1921 | D:3      | Reached skill level 5 in Short Blades
  1945 | D:3      | Found an iron altar of Okawaru.
  2144 | D:3      | Noticed Pargi
  2146 | D:3      | Killed Pargi
  2147 | D:3      | Reached XP level 6. HP: 30/30 MP: 7/7
  2440 | D:3      | Found a burning altar of Makhleb.
  2835 | D:3      | Reached skill level 6 in Short Blades
  2835 | D:3      | Reached skill level 5 in Stealth
  3067 | D:4      | Noticed an ice beast
  3091 | D:4      | Noticed a black bear
  3098 | D:4      | Killed a black bear
  3099 | D:4      | Reached XP level 7. HP: 31/34 MP: 6/8
  3156 | D:4      | Reached skill level 6 in Stealth
  3188 | D:4      | Found an ancient bone altar of Kikubaaqudgha.
  3422 | D:4      | HP: 3/34 [ice beast (11)]
  3643 | D:5      | Entered Level 5 of the Dungeon
  3866 | D:5      | Reached skill level 7 in Stealth
  4131 | D:5      | Reached skill level 7 in Short Blades
  4139 | D:5      | Gained mutation: You have razor-sharp teeth. [Vine Stalker
                  | growth]
  4139 | D:5      | Reached XP level 8. HP: 27/38 MP: 9/9
  4591 | D:4      | Reached skill level 8 in Stealth
  4805 | D:5      | Reached skill level 8 in Short Blades
  4805 | D:5      | Reached skill level 2 in Fighting
  4845 | D:5      | Reached skill level 3 in Fighting
  5070 | D:5      | Reached skill level 4 in Fighting
  5253 | D:6      | Found Hedame's Tremendous Tomes.
  5348 | D:6      | Found a shimmering blue altar of Sif Muna.
  5405 | D:6      | Found a radiant altar of Vehumet.
  5437 | D:6      | Found Zagohiuw's Mass Market.
  5460 | D:6      | Reached skill level 5 in Fighting
  5460 | D:6      | Reached XP level 9. HP: 47/47 MP: 10/10
  5679 | D:6      | Reached skill level 6 in Fighting
  5782 | D:6      | Found a staircase to the Ecumenical Temple.
  5792 | Temple   | Entered the Ecumenical Temple
  6310 | D:7      | Noticed Joseph
  6411 | D:7      | Found a transporter.
  6412 | D:7      | Found Lituash's Self-Improvement Boutique.
  6426 | D:7      | Reached skill level 7 in Fighting
  6660 | D:7      | Killed Joseph
  6661 | D:7      | Reached skill level 8 in Fighting
  6661 | D:7      | Reached skill level 1 in Dodging
  6723 | D:7      | Found a glowing silver altar of Zin.
  6772 | D:7      | Reached skill level 2 in Dodging
  6893 | D:7      | Noticed Nabski's ghost (novice TeFE)
  6893 | D:7      | Noticed a hornet
  6921 | D:7      | Found a transporter.
  7040 | D:7      | Reached skill level 3 in Dodging
  7201 | D:7      | Noticed a boulder beetle
  7220 | D:7      | Killed a boulder beetle
  7221 | D:7      | Reached skill level 5 in Dodging
  7221 | D:7      | Reached XP level 10. HP: 56/56 MP: 11/11
  7398 | D:8      | Found a flagged portal.
  7459 | Bailey   | Entered a bailey
  7633 | Bailey   | Noticed an orc knight
  7811 | D:8      | Reached skill level 6 in Dodging
  7864 | D:8      | Found a hide-covered altar of Uskayaw.
  7886 | D:8      | Became a worshipper of Uskayaw the Reveller
  8007 | D:8      | Reached * piety under Uskayaw
  8009 | D:8      | Reached ** piety under Uskayaw
  8672 | D:9      | Noticed a boulder beetle
  8773 | D:9      | Reached *** piety under Uskayaw
  8891 | D:9      | Noticed a two-headed ogre
  9092 | D:9      | Noticed a death yak
  9118 | D:9      | Found a staircase to the Lair.
  9120 | D:9      | Noticed a death yak
  9120 | D:9      | Noticed a death yak
  9328 | D:9      | Reached skill level 7 in Dodging
  9332 | D:9      | Reached **** piety under Uskayaw
  9339 | D:9      | Reached ***** piety under Uskayaw
  9599 | D:10     | Entered Level 10 of the Dungeon
  9605 | D:10     | Noticed Snorg
  9607 | D:10     | Reached skill level 8 in Dodging
  9902 | D:9      | Killed a boulder beetle
  9903 | D:9      | Reached XP level 11. HP: 60/60 MP: 12/12
  9962 | D:9      | Reached skill level 9 in Dodging
 10020 | D:9      | Reached skill level 1 in Armour
 10091 | D:9      | Reached skill level 2 in Armour
 10097 | D:9      | HP: 3/60 [yak (9)]
 10304 | D:10     | HP: 2/60 [Snorg (5)]
 10306 | D:10     | Mangled by Snorg

Vanquished Creatures
  2 boulder beetles
  Joseph (D:7)
  2 trolls
  2 hornets
  10 yaks (D:9)
  2 wyverns
  4 water moccasins
  2 ice beasts
  Pargi (D:3)
  2 orc warriors (Bailey)
  2 black bears
  An ogre (D:4)
  4 phantoms
  2 centaurs
  2 kobold brigands
  4 bullfrogs
  5 scorpions
  3 wights (D:9)
  3 howler monkeys
  A quasit (D:6)
  2 jellies
  An orc priest (D:7)
  3 hounds
  3 gnoll boudas
  3 iguanas
  Natasha (twice) (D:2)
  5 orc wizards
  Terence (D:2)
  Robin (D:1)
  16 gnolls
  9 adders
  4 shadow imps
  3 white imps (D:6)
  6 ufetubi
  A worm (D:5)
  2 dart slugs
  28 orcs
  9 ball pythons
  7 endoplasms
  4 giant cockroaches
  13 hobgoblins
  7 jackals
  A quokka (D:2)
  5 bats
  18 goblins
  12 kobolds
  2 rats
223 creatures vanquished.

Vanquished Creatures (others)
  7 demonic plants (D:6)
7 creatures vanquished.

Grand Total: 230 creatures vanquished

Table legend: (Time is in decaauts)
 A = Elapsed time spent in this place.
 B = Non-inter-level travel time spent in this place.
 C = Inter-level travel time spent in this place.
 D = Time resting spent in this place.
 E = Time spent auto-exploring this place.
 F = Levels seen in this place.
 G = Mean time per level.
                   A        B        C        D        E       F      G
               +--------+--------+--------+--------+--------+-----+--------+
         Total |   9999 |   9402 |    597 |    685 |   5659 |  12 |  833.2 |
       Dungeon |   9543 |   8967 |    576 |    683 |   5391 |  10 |  954.3 |
        Temple |    264 |    244 |     20 |      0 |    232 |   1 |  264.0 |
        Bailey |    191 |    191 |      0 |      2 |     36 |   1 |  191.0 |
               +--------+--------+--------+--------+--------+-----+--------+

Top non-repeatable levels by time:
     D:9: 1530 daAuts
     D:5: 1225 daAuts
     D:3: 1084 daAuts
     D:8: 1070 daAuts
     D:7: 1042 daAuts
     D:1: 979 daAuts
     D:4: 895 daAuts
     D:6: 857 daAuts
     D:2: 817 daAuts
  Temple: 264 daAuts
  Bailey: 191 daAuts
    D:10: 41 daAuts

Table legend:
 A = Non-vault XP
 B = Vault XP
 C = Vault XP percentage of total XP
 D = Non-vault monster count
 E = Vault monster count
 F = Vault count percentage of total count
                 A         B        C        D         E       F
            +---------+---------+-------+---------+---------+-------
      Total |    8896 |    1933 |  17.9 |     175 |      48 |  21.5
            +---------+---------+-------+---------+---------+-------
        D:1 |      38 |      31 |  44.9 |      21 |       9 |  30.0
        D:2 |      73 |      73 |  50.0 |      14 |       5 |  26.3
        D:3 |     148 |     134 |  47.5 |      17 |       1 |   5.6
        D:4 |     496 |      17 |   3.3 |      21 |       6 |  22.2
        D:5 |    1089 |      43 |   3.8 |      27 |       5 |  15.6
        D:6 |     661 |     103 |  13.5 |      17 |       7 |  29.2
        D:7 |    2143 |     430 |  16.7 |      23 |       1 |   4.2
        D:8 |     838 |       7 |   0.8 |      17 |       4 |  19.0
        D:9 |    3103 |     820 |  20.9 |      17 |       4 |  19.0
       D:10 |     307 |       0 |   0.0 |       1 |       0 |   0.0
     Bailey |       0 |     275 | 100.0 |       0 |       6 | 100.0
            +---------+---------+-------+---------+---------+-------
